 Dungeon Sprint DCSS version 0.16-a0-3807-g3748f16 (webtiles) character file.

49079 BluebellGnoll the Slayer (level 14, -3/173 (176) HPs)
             Began as an Ogre Berserker on Jan 27, 2015.
             Was the Champion of Trog.
             Slain by a blue devil (11 damage)
             ... in the Dungeon (Sprint V: "Ziggurat Sprint").
             The game lasted 00:47:58 (1703 turns).

BluebellGnoll the Slayer (Ogre Berserker)           Turns: 1703, Time: 00:47:58

HP:   -3/173 (176)  AC: 26    Str: 25    XL:     14   Next: 49%
MP:   31/31         EV:  0    Int:  6    God:    Trog [******]
Gold: 0             SH: 33    Dex: 21    Spells: 0 memorised, 13 levels left

rFire  + + .     SeeInvis +     b - +0 rod of shadows (14/14)
rCold  + + .     Clarity  .     G - +5 gold dragon armour
rNeg   + . .     SustAb   .     p - +18 shield of the gong {rElec rN+ MR+ EV-5}
rPois  +         Gourm    .     (helmet restricted)
rElec  +         Spirit   .     J - +2 cloak {MR+}
rCorr  .         Warding  .     (gloves unavailable)
rMut   .         NoTele   +     (boots unavailable)
MR     +++++                    N - amulet of Vitality {Regen+ HP+15}
Stlth  ..........               D - ring of Ladafes {+Blink rElec rPois+ rC+ SInv}
                                L - ring "Woodgh" {rF+ Dex+8 Stlth+}

@: lethally poisoned, very slightly contaminated, recuperating, diseased,
slowed, studying Axes, invisible, very slow, almost entirely resistant to
hostile enchantments, extremely unstealthy
A: unfitting armour, frail 1, tough skin 1
a: Burn Spellbooks, Berserk, Trog's Hand, Brothers in Arms, Renounce Religion,
Evoke Blink


You were in the Dungeon.
You worshipped Trog.
Trog was exalted by your worship.
You were hungry.

You visited 1 branch

Inventory:

Hand weapons
 a - a +5 demon whip of slashing
 q - the +6 shillelagh "Devastator" {shatter}
   (You found it in the Dungeon)
Missiles
 n - 27 large rocks (quivered)
 U - 3 javelins of returning
Armour
 p - the +18 shield of the gong (worn) {rElec rN+ MR+ EV-5}
   (You found it in the Dungeon)

   It affects your evasion (-5).
   It insulates you from electricity.
   It protects you from negative energy.
   It affects your resistance to hostile enchantments.
 G - a +5 gold dragon armour (worn)
 J - a +2 cloak of magic resistance (worn)
Rods
 b - a +0 rod of shadows (14/14) (weapon)
   (You found it in the Dungeon)
 o - a +5 rod of the swarm (10/10)
   (You found it in the Dungeon)
Jewellery
 z - an uncursed amulet of resist mutation
 D - the ring of Ladafes (right hand) {+Blink rElec rPois+ rC+ SInv}
   (You found it in the Dungeon)

   [ring of poison resistance]

   It protects you from cold.
   It insulates you from electricity.
   It protects you from poison.
   It enhances your eyesight.
   It lets you blink.
 H - the ring of Obeboah {+Fly rC+ rN++ MR- Str-5 SInv}
   (You found it in the Dungeon)

   [ring of flight]

   It affects your strength (-5).
   It protects you from cold.
   It greatly protects you from negative energy.
   It affects your resistance to hostile enchantments.
   It enhances your eyesight.
   It lets you fly.
 I - the ring "Nudomoaj" {rN+ MR+ Stlth+}
   (You found it in the Dungeon)

   [ring of stealth]

   It protects you from negative energy.
   It affects your resistance to hostile enchantments.
   It makes you more stealthy.
 L - the ring "Woodgh" (left hand) {rF+ Dex+8 Stlth+}
   (You found it in the Dungeon)

   [ring of stealth]

   It affects your dexterity (+8).
   It protects you from fire.
   It makes you more stealthy.
 N - the amulet of Vitality (around neck) {Regen+ HP+15}
   (You found it in the Dungeon)

   [amulet of regeneration]

   It affects your health (+15).
   It increases your rate of regeneration.
 V - an uncursed amulet of warding
Magical devices
 j - a wand of disintegration (7)
 k - a wand of fire (2)
 l - a wand of cold (5)
 m - a wand of draining (3)
Scrolls
 i - 4 scrolls of blinking
 t - 3 scrolls of recharging
 u - 7 scrolls of fog
 v - a scroll of holy word
 w - 5 scrolls of identify
 x - 5 scrolls of remove curse
 y - 2 scrolls of fear
Potions
 d - 10 potions of curing
 e - 8 potions of heal wounds
 f - 6 potions of haste
 g - 7 potions of magic
 h - 3 potions of berserk rage
 A - a potion of invisibility
 B - 2 potions of restore abilities
 C - 4 potions of resistance
 E - 5 potions of agility
 F - 6 potions of might
Books
 S - a manual of Axes
Miscellaneous
 M - a plain deck of summoning {drawn: 2}
 O - a fan of gales
 P - a phantom mirror
 Q - a stone of tremors
 R - a sack of spiders {used: 3}
 W - a lamp of fire
 X - a lamp of fire
 Y - a fan of gales
 Z - a fan of gales
Comestibles
 c - 5 meat rations
 r - 42 fruits
 s - 4 bread rations
 T - a chunk of flesh


   Skills:
 + Level 21.3 Fighting
 - Level 20.8 Maces & Flails
 - Level 19.7 Throwing
 - Level 9.4 Armour
 - Level 1.7 Dodging
 - Level 17.0 Shields
 - Level 16.3 Evocations


You had 13 spell levels left.
You didn't know any spells.

Dungeon Overview and Level Annotations

Branches:
Dungeon (1/1)

Altars:
Ashenzari
Cheibriados
Dithmenos
Elyvilon
Fedhas
Gozag
Kikubaaqudgha
Makhleb
Nemelex Xobeh
Okawaru
Qazlal
Ru
Sif Muna
Trog
Vehumet
Xom
Yredelemnul
Zin
The Shining One
Beogh
Jiyva
Lugonu


Innate Abilities, Weirdness & Mutations

You are too large for most types of armour.
You have tough skin (AC +1).
You are frail (-10% HP).


Message History

The soul eater completely resists.
The bolt of negative energy hits the soul eater.
The soul eater completely resists.
The bolt of negative energy hits you! You partially resist.
You feel drained.
* * * LOW HITPOINT WARNING * * *
The shadow dragon is engulfed in roaring flames.
You kill the shadow dragon!
Trog accepts your kill.
Your Fighting skill increases to level 21!
Your life force feels restored.
The ghoul hits you!
* * * LOW HITPOINT WARNING * * *
The ghoul claws you but does no damage.
The soul eater is engulfed in roaring flames.
You block the soul eater's attack.
PTOANNNG!
The shadow dragon is engulfed in roaring flames.
The soul eater is engulfed in roaring flames. x3
The blue devil hits you!
You die...

, ≈ ≈≈ ▓(..§}), ,,,,
▓. , ≈ ,▓..(..(. ,
,,, ,▓. ▓...((.§.,,,
,,,▓. , ,▓...(.....
,,,, ▓. ≈,
,▓............ ,,▓.
, ,
,,▓3§...........,,▓.
≈ ▓333D§........ ,▓▓
,,≈ ▓D3§▓.......▓, *
≈ , ▓@n▓▓▓.....▓▓*,.
≈ * ▓4Z.▓.......▓...
8 ≈ ≈
▓...............▓8 ≈
≈ ≈▓...............▓
≈
≈▓▓▓▓▓▓▓▓▓▓▓▓▓▓▓▓▓*
, ,, , , ©8,, ,, * *
, , , ,,, , ≈,≈ ,
,,,,,,,, ≈≈ , ,,
,,,,, ,,


You could see a ghoul, 2 shadow dragons, 5 soul eaters, a blue devil and a bat
skeleton.

Vanquished Creatures
  A shard shrike (D)
  A shadow dragon (D)
  A greater naga (D)
  3 very ugly things (D)
  2 reapers (D)
  2 ice dragons (D)
  A hydra (D)
  A vampire mage (D)
  4 soul eaters (D)
  A deep elf knight (D)
  2 skeletal warriors (D)
  A deep elf summoner (D)
  2 ice devils (D)
  A hill giant (D)
  4 death drakes (D)
  A swamp dragon (D)
  A deep elf conjurer (D)
  A harpy (shapeshifter) (D)
  2 ugly things (D)
  A necromancer (D)
  A guardian serpent (D)
  2 cyclopes (D)
  A black mamba (D)
  A torpor snail (shapeshifter) (D)
  A tormentor (D)
  An air elemental (D)
  4 freezing wraiths (D)
  2 fire drakes (D)
  3 two-headed ogres (D)
  5 flying skulls (D)
  A vampire (D)
  A wyvern (D)
  A hungry ghost (D)
  4 spriggans (D)
  3 shadows (D)
  A neqoxec (D)
  A yak (D)
  A wraith (D)
  2 hippogriffs (D)
  A wolf (D)
  2 mottled dragons (D)
  A naga (D)
  A swamp drake (D)
  4 ice beasts (D)
  2 ogres (D)
  A black bear (D)
  3 wasps (D)
  3 phantoms (D)
  2 centaurs (D)
  2 necrophages (D)
  A wight (D)
  An iron imp (D)
  4 jellies (D)
  An iguana (D)
  An orc priest (D)
  An orc wizard (D)
  2 sheep (D)
  4 white imps (D)
  2 ufetubi (D)
  A spectral adder (D)
  5 adder skeletons (D)
  An adder zombie (D)
  2 oozes (D)
  3 orcs (D)
  A spectral bat (D)
  A ball python (D)
  4 bat skeletons (D)
  6 bat zombies (D)
  A giant cockroach simulacrum (D)
  5 giant cockroach zombies (D)
  2 giant gecko skeletons (D)
  A giant gecko zombie (D)
  2 jackal skeletons (D)
  A jackal zombie (D)
  3 quokka skeletons (D)
  3 quokka zombies (D)
  A spectral ball python (D)
  3 fungi (D)
154 creatures vanquished.

Vanquished Creatures (collateral kills)
  An ancient lich (D)
  A shard shrike (D)
  A frost giant (D)
  2 reapers (D)
  2 blizzard demons (D)
  2 hydras (D)
  2 ice dragons (D)
  An anaconda (shapeshifter) (D)
  3 skeletal warriors (D)
  5 ice devils (D)
  2 swamp dragons (D)
  A mana viper (shapeshifter) (D)
  2 shining eyes (D)
  A hill giant (shapeshifter) (D)
  A cyclops (shapeshifter) (D)
  A guardian serpent (D)
  A guardian serpent (shapeshifter) (D)
  A naga mage (D)
  A black mamba (D)
  A fire drake (D)
  3 freezing wraiths (D)
  A blue devil (D)
  3 polar bears (D)
  A deep elf mage (D)
  A flying skull (D)
  3 shadows (D)
  2 deep elf fighters (D)
  A naga (D)
  A mottled dragon (D)
  A swamp drake (D)
  A necrophage (D)
  3 ice beasts (D)
  A wight (D)
  A mummy (D)
  6 white imps (D)
  An adder skeleton (D)
  4 adder zombies (D)
  A ball python (D)
  3 bat skeletons (D)
  2 bat zombies (D)
  A ball python zombie (D)
  A giant cockroach zombie (D)
  2 giant gecko skeletons (D)
  A jackal simulacrum (D)
  2 jackal skeletons (D)
  3 quokka zombies (D)
82 creatures vanquished.

Vanquished Creatures (others)
  2 centaur warriors (D)
  A skeletal warrior (D)
  A hill giant (D)
  7 air elementals (D)
  12 fire elementals (D)
  A basilisk (D)
  4 trapdoor spiders (D)
  2 necrophages (D)
  2 spiders (D)
  An ice beast (D)
  A wasp (D)
  A killer bee (D)
  A goliath beetle (D)
  4 worker ants (D)
  2 necrophage skeletons (D)
  An orc (D)
43 creatures vanquished.

Grand Total: 279 creatures vanquished

Notes
Turn   | Place    | Note
--------------------------------------------------------------
     0 | D        | BluebellGnoll, the Ogre Berserker, began the quest for the Orb.
     0 | D        | Reached XP level 1. HP: 24/24 MP: 1/1
     0 | D        | Found a viscous altar of Jiyva.
     0 | D        | Found a corrupted altar of Lugonu.
     0 | D        | Found a white marble altar of Elyvilon.
     2 | D        | Found a sparkling altar of Nemelex Xobeh.
     2 | D        | Found a burning altar of Makhleb.
     3 | D        | Found a deep blue altar of Sif Muna.
     3 | D        | Found a bloodstained altar of Trog.
     6 | D        | Found an iron altar of Okawaru.
    21 | D        | Found a radiant altar of Vehumet.
    28 | D        | Found a basalt altar of Yredelemnul.
    56 | D        | Found a shimmering altar of Xom.
    65 | D        | Reached skill level 6 in Armour
    65 | D        | Reached XP level 2. HP: 32/32 MP: 2/2
    67 | D        | Entered arena 1.
    67 | D        | Noticed a jelly
    67 | D        | Noticed a jelly
    69 | D        | Killed a jelly
    69 | D        | Reached XP level 3. HP: 39/39 MP: 3/3
    71 | D        | Killed a jelly
    71 | D        | Reached skill level 5 in Shields
    71 | D        | Reached XP level 4. HP: 48/48 MP: 4/4
    85 | D        | Entered arena 2.
    85 | D        | Noticed a yak
    85 | D        | Noticed an iguana
    88 | D        | Killed a yak
    88 | D        | Acquired Trog's second power
    88 | D        | Reached skill level 8 in Fighting
    88 | D        | Reached XP level 5. HP: 53/63 MP: 5/5
    89 | D        | Killed an iguana
    89 | D        | Reached XP level 6. HP: 59/74 MP: 6/6
    90 | D        | Reached skill level 9 in Fighting
    93 | D        | Acquired Trog's third power
   163 | D        | Entered arena 3.
   163 | D        | Noticed a neqoxec
   163 | D        | Noticed an iron imp
   168 | D        | Killed an iron imp
   171 | D        | Killed a neqoxec
   171 | D        | Reached XP level 7. HP: 83/83 MP: 7/7
   182 | D        | Entered arena 4.
   182 | D        | Noticed a jelly
   182 | D        | Noticed a jelly
   185 | D        | Killed a jelly
   185 | D        | Received a gift from Trog
   192 | D        | Killed a jelly
   192 | D        | Reached skill level 10 in Fighting
   199 | D        | Entered arena 5.
   199 | D        | Noticed an orc wizard
   199 | D        | Noticed an orc priest
   202 | D        | Killed an orc wizard
   202 | D        | Received a gift from Trog
   202 | D        | Killed an orc priest
   202 | D        | Reached skill level 11 in Fighting
   211 | D        | Got the ring of Ladafes {+Blink rElec rPois+ rC+ SInv}
   215 | D        | Entered arena 6.
   215 | D        | Noticed a black bear
   215 | D        | Noticed a spriggan rider
   215 | D        | Noticed a spriggan rider
   215 | D        | Noticed a spriggan
   215 | D        | Noticed a wolf
   215 | D        | Noticed a spriggan rider
   218 | D        | Killed a black bear
   218 | D        | Reached skill level 12 in Fighting
   219 | D        | Killed a wolf
   219 | D        | Reached skill level 13 in Fighting
   219 | D        | Killed a spriggan
   219 | D        | Reached skill level 14 in Fighting
   219 | D        | Reached XP level 8. HP: 91/105 MP: 8/8
   223 | D        | Killed a wasp
   223 | D        | Killed a spriggan
   223 | D        | Received a gift from Trog
   223 | D        | Reached skill level 15 in Fighting
   233 | D        | Killed a spriggan
   233 | D        | Reached skill level 16 in Fighting
   235 | D        | Killed a spriggan rider
   235 | D        | Killed a wasp
   235 | D        | Reached skill level 18 in Fighting
   235 | D        | Reached XP level 9. HP: 55/124 MP: 9/9
   240 | D        | Killed a wasp
   256 | D        | Received a gift from Trog
   267 | D        | Got the ring of Obeboah {+Fly rC+ rN++ MR- Str-5 SInv}
   466 | D        | Entered arena 7.
   466 | D        | Noticed a hippogriff
   466 | D        | Noticed a centaur
   466 | D        | Noticed a centaur
   466 | D        | Noticed a cyclops
   466 | D        | Noticed a hippogriff
   471 | D        | Killed a hippogriff
   471 | D        | Reached skill level 10 in Maces & Flails
   472 | D        | Killed a centaur
   475 | D        | Killed a cyclops
   475 | D        | Received a gift from Trog
   477 | D        | Killed a centaur
   478 | D        | Killed a hippogriff
   513 | D        | Entered arena 8.
   513 | D        | Noticed a two-headed ogre
   513 | D        | Noticed an ogre
   513 | D        | Noticed a two-headed ogre
   513 | D        | Noticed an ogre
   513 | D        | Noticed a hill giant
   513 | D        | Noticed a cyclops
   513 | D        | Noticed a two-headed ogre
   517 | D        | Killed a two-headed ogre
   517 | D        | Received a gift from Trog
   517 | D        | Killed an ogre
   519 | D        | Killed a hill giant
   519 | D        | Reached XP level 10. HP: 118/135 MP: 10/10
   520 | D        | Killed an ogre
   520 | D        | Killed a two-headed ogre
   521 | D        | Killed a two-headed ogre
   524 | D        | Killed a cyclops
   524 | D        | Received a gift from Trog
   546 | D        | Got the ring "Ylaemp" {Fire +Blink rElec Str-4}
   616 | D        | Entered arena 9.
   616 | D        | Noticed a phantom
   616 | D        | Noticed a necrophage
   616 | D        | Noticed a phantom
   616 | D        | Noticed a phantom
   623 | D        | Killed a necrophage
   633 | D        | Killed a phantom
   639 | D        | Killed a phantom
   641 | D        | Killed a phantom
   660 | D        | Entered arena 10.
   660 | D        | Noticed a deep elf conjurer
   660 | D        | Noticed a deep elf knight
   660 | D        | Noticed a deep elf fighter
   660 | D        | Noticed a deep elf fighter
   660 | D        | Noticed a deep elf summoner
   660 | D        | Noticed a deep elf mage
   671 | D        | Killed a deep elf summoner
   671 | D        | Killed a deep elf fighter
   671 | D        | Received a gift from Trog
   672 | D        | Killed a deep elf conjurer
   672 | D        | Received a gift from Trog
   673 | D        | Killed a deep elf fighter
   677 | D        | Killed a deep elf knight
   677 | D        | Reached skill level 10 in Shields
   677 | D        | Reached XP level 11. HP: 143/143 MP: 11/11
   679 | D        | Killed a deep elf mage
   686 | D        | Got a pitted mace {god gift}
   690 | D        | Received a gift from Trog
   728 | D        | Identified the +13 mace of Courage {speed, Str+4} (Trog gifted it to you in the Dungeon)
   736 | D        | Entered arena 11.
   736 | D        | Noticed a greater naga
   736 | D        | Noticed a naga
   736 | D        | Noticed a guardian serpent
   736 | D        | Noticed a black mamba
   736 | D        | Noticed a black mamba
   736 | D        | Noticed a naga
   736 | D        | Noticed a guardian serpent
   736 | D        | Noticed a naga mage
   742 | D        | Killed a naga
   742 | D        | Reached skill level 1 in Evocations
   744 | D        | Killed a greater naga
   747 | D        | Killed a guardian serpent
   747 | D        | Received a gift from Trog
   747 | D        | Killed a black mamba
   748 | D        | Killed a naga mage
   748 | D        | Received a gift from Trog
   749 | D        | Killed a naga
   751 | D        | Killed a black mamba
   756 | D        | Killed a guardian serpent
   758 | D        | Received a gift from Trog
   776 | D        | Received a gift from Trog
   777 | D        | Got a bloodstained giant club {god gift}
   814 | D        | Entered arena 12.
   814 | D        | Noticed a soul eater
   814 | D        | Noticed a soul eater
   841 | D        | Killed a soul eater
   841 | D        | Reached skill level 15 in Maces & Flails
   851 | D        | Killed a soul eater
   864 | D        | Received a gift from Trog
   883 | D        | Entered arena 13.
   883 | D        | Noticed a tormentor
   883 | D        | Noticed an ice beast
   884 | D        | Noticed a freezing wraith
   884 | D        | Noticed an ice devil
   884 | D        | Noticed a blue devil
   885 | D        | Noticed a flying skull
   885 | D        | Noticed a shadow
   885 | D        | Noticed a wraith
   885 | D        | Noticed a skeletal warrior
   885 | D        | Killed a tormentor
   886 | D        | Noticed a blizzard demon
   897 | D        | Killed a shadow
   900 | D        | Killed an ice devil
   900 | D        | Received a gift from Trog
   904 | D        | Killed a blue devil
   904 | D        | Reached skill level 19 in Maces & Flails
   906 | D        | Killed a flying skull
   907 | D        | Killed a skeletal warrior
   907 | D        | Reached skill level 20 in Maces & Flails
   908 | D        | Killed an ice beast
   909 | D        | Killed a blizzard demon
   914 | D        | Killed a freezing wraith
   914 | D        | Received a gift from Trog
   917 | D        | Killed a wraith
   941 | D        | Received a gift from Trog
   959 | D        | Entered arena 14.
   959 | D        | Noticed a wight
   959 | D        | Noticed a wight
   959 | D        | Noticed a skeletal warrior
   959 | D        | Noticed a vampire
   961 | D        | Noticed a necrophage
   962 | D        | Noticed a necromancer
   963 | D        | Noticed a vampire mage
   964 | D        | Noticed a necrophage
   967 | D        | Noticed a shadow
   967 | D        | Noticed a necrophage
   969 | D        | Killed a vampire
   974 | D        | Killed a wight
   974 | D        | Reached XP level 12. HP: 151/153 MP: 24/24
   976 | D        | Killed a wight
   976 | D        | Killed a necrophage
   977 | D        | Killed a necrophage
   977 | D        | Killed a necrophage
   978 | D        | Killed a shadow
   980 | D        | Killed a skeletal warrior
   983 | D        | Killed a vampire mage
   985 | D        | Killed a necromancer
   985 | D        | Received a gift from Trog
  1041 | D        | Entered arena 15.
  1041 | D        | Noticed a purple ugly thing
  1041 | D        | Noticed a purple very ugly thing
  1041 | D        | Noticed a shining eye
  1042 | D        | Noticed a green very ugly thing
  1042 | D        | Noticed a cyan very ugly thing
  1042 | D        | Noticed a sea snake
  1042 | D        | Noticed a wolf spider
  1042 | D        | Noticed a shining eye
  1043 | D        | Noticed a giant orange brain
  1044 | D        | Noticed a cyan ugly thing
  1044 | D        | a sea snake changed into a hill giant
  1044 | D        | Gained mutation: You are frail (-10% HP). [a shining eye]
  1045 | D        | Noticed a raiju
  1045 | D        | a giant orange brain changed into a swamp dragon
  1045 | D        | Noticed a satyr
  1045 | D        | a wolf spider changed into a satyr
  1051 | D        | Killed a shining eye
  1052 | D        | Noticed an alligator
  1052 | D        | a hill giant changed into an alligator
  1052 | D        | Killed a shining eye
  1052 | D        | Reached skill level 15 in Throwing
  1054 | D        | an alligator changed into a giant leech
  1057 | D        | Killed a cyan very ugly thing
  1060 | D        | Noticed an ettin
  1060 | D        | a satyr changed into an ettin
  1061 | D        | Killed a purple very ugly thing
  1063 | D        | Killed a purple ugly thing
  1063 | D        | Received a gift from Trog
  1064 | D        | Noticed an anaconda
  1064 | D        | a water nymph changed into an anaconda
  1068 | D        | an ettin changed into a slime creature
  1068 | D        | Killed an anaconda
  1069 | D        | Killed a purple very ugly thing
  1076 | D        | Killed a green ugly thing
  1078 | D        | a raiju changed into a harpy
  1080 | D        | Noticed a ghost crab
  1080 | D        | a snapping turtle changed into a ghost crab
  1086 | D        | a ghost crab changed into a wind drake
  1089 | D        | Received a gift from Trog
  1101 | D        | Received a gift from Trog
  1118 | D        | Received a gift from Trog
  1118 | D        | Received a gift from Trog
  1133 | D        | Entered arena 16.
  1141 | D        | Noticed an ice beast
  1142 | D        | Noticed an ice devil
  1142 | D        | Noticed a flying skull
  1142 | D        | Noticed a flying skull
  1143 | D        | Noticed a necrophage
  1144 | D        | Noticed a flying skull
  1144 | D        | Noticed a shadow
  1144 | D        | Noticed an ice beast
  1148 | D        | Killed a flying skull
  1152 | D        | Killed an ice devil
  1153 | D        | Killed a necrophage
  1154 | D        | Killed an ice beast
  1154 | D        | Received a gift from Trog
  1155 | D        | Killed a flying skull
  1157 | D        | Killed an ice beast
  1158 | D        | Killed a flying skull
  1159 | D        | Killed a shadow
  1171 | D        | Got the ring "Woodgh" {rF+ Dex+8 Stlth+}
  1177 | D        | Got the amulet "Tweijis" {Faith rElec rC+ rN+ MR+}
  1185 | D        | Got the ring of Nehal {rPois+ SInv}
  1189 | D        | Got the ring "Khofiz" {+cTele rElec Int-2 Dex+4}
  1194 | D        | Identified a +0 rod of shadows (14/14) (You found it in the Dungeon)
  1195 | D        | Entered arena 17.
  1201 | D        | Noticed a swamp drake
  1201 | D        | Noticed a five-headed hydra
  1201 | D        | Noticed a death drake
  1202 | D        | Noticed a swamp dragon
  1202 | D        | Noticed a mottled dragon
  1202 | D        | Noticed a fire drake
  1202 | D        | Noticed a swamp dragon
  1204 | D        | Noticed a four-headed hydra
  1204 | D        | Noticed a fire drake
  1204 | D        | Noticed a death drake
  1204 | D        | Identified a +5 rod of the swarm (10/10) (You found it in the Dungeon)
  1205 | D        | Noticed a fire drake
  1206 | D        | Noticed a mottled dragon
  1206 | D        | Noticed a seven-headed hydra
  1207 | D        | Noticed an ice dragon
  1210 | D        | Noticed a swamp dragon
  1212 | D        | Noticed a death drake
  1213 | D        | Killed a seven-headed hydra
  1216 | D        | Noticed an ice dragon
  1218 | D        | Noticed a swamp drake
  1218 | D        | Killed a five-headed hydra
  1219 | D        | Killed a death drake
  1219 | D        | Received a gift from Trog
  1219 | D        | Reached XP level 13. HP: 139/144 MP: 25/25
  1219 | D        | Killed a swamp dragon
  1221 | D        | Killed an ice dragon
  1221 | D        | Received a gift from Trog
  1223 | D        | Killed a fire drake
  1225 | D        | Killed a mottled dragon
  1226 | D        | Killed a swamp drake
  1234 | D        | Killed a death drake
  1236 | D        | Killed a fire drake
  1240 | D        | Killed a swamp dragon
  1242 | D        | Killed a swamp dragon
  1243 | D        | Killed a fire drake
  1243 | D        | Killed a four-headed hydra
  1244 | D        | Killed a swamp drake
  1244 | D        | Received a gift from Trog
  1249 | D        | Killed a death drake
  1249 | D        | Reached skill level 15 in Shields
  1250 | D        | Killed an ice dragon
  1250 | D        | Killed a mottled dragon
  1271 | D        | Received a gift from Trog
  1298 | D        | Received a gift from Trog
  1298 | D        | Received a gift from Trog
  1356 | D        | Entered arena 18.
  1362 | D        | Noticed a freezing wraith
  1362 | D        | Noticed an ice devil
  1362 | D        | Noticed a polar bear
  1363 | D        | Noticed a polar bear
  1363 | D        | Noticed an ice beast
  1363 | D        | Noticed a freezing wraith
  1363 | D        | Noticed an ice devil
  1364 | D        | Noticed a blizzard demon
  1364 | D        | Noticed an ice dragon
  1364 | D        | Killed a freezing wraith
  1365 | D        | Noticed a polar bear
  1366 | D        | Noticed an ice beast
  1367 | D        | Noticed an ice devil
  1367 | D        | Received a gift from Trog
  1367 | D        | Killed an ice beast
  1369 | D        | Noticed a freezing wraith
  1369 | D        | Noticed an ice beast
  1369 | D        | Noticed a frost giant
  1371 | D        | Killed a polar bear
  1371 | D        | Killed a polar bear
  1373 | D        | Killed an ice devil
  1373 | D        | Received a gift from Trog
  1375 | D        | Killed an ice beast
  1376 | D        | Killed an ice beast
  1376 | D        | Killed a blizzard demon
  1378 | D        | Killed an ice devil
  1380 | D        | Killed a polar bear
  1382 | D        | Killed an ice dragon
  1382 | D        | Received a gift from Trog
  1382 | D        | Killed a freezing wraith
  1386 | D        | Killed an ice devil
  1386 | D        | Received a gift from Trog
  1389 | D        | Killed a frost giant
  1396 | D        | Killed a freezing wraith
  1426 | D        | Received a gift from Trog
  1441 | D        | Got the ring "Aruot" {+Fly rElec rC+ Str-3 Int+4 Dex+4 Stlth+}
  1444 | D        | Received a gift from Trog
  1462 | D        | Entered arena 19.
  1475 | D        | Noticed an ice dragon
  1476 | D        | Noticed a shadow
  1479 | D        | Noticed a shadow
  1479 | D        | Killed a shadow
  1482 | D        | Killed an ice dragon
  1483 | D        | Noticed a freezing wraith
  1484 | D        | Killed a shadow
  1487 | D        | Noticed an ice beast
  1487 | D        | Killed a freezing wraith
  1489 | D        | Killed an ice beast
  1512 | D        | Received a gift from Trog
  1534 | D        | Entered arena 20.
  1544 | D        | Noticed a shard shrike
  1545 | D        | Noticed a reaper
  1545 | D        | Noticed a freezing wraith
  1546 | D        | Noticed an ice devil
  1546 | D        | Noticed an ice devil
  1547 | D        | Noticed a shard shrike
  1547 | D        | Noticed a reaper
  1548 | D        | Noticed a skeletal warrior
  1548 | D        | Noticed a hungry ghost
  1549 | D        | Noticed a skeletal warrior
  1553 | D        | Killed a shard shrike
  1554 | D        | Noticed an ancient lich
  1555 | D        | Killed a shard shrike
  1556 | D        | Noticed a skeletal warrior
  1556 | D        | Noticed a flying skull
  1556 | D        | Killed a freezing wraith
  1556 | D        | Killed an ice devil
  1557 | D        | Killed an ice devil
  1557 | D        | Killed a hungry ghost
  1558 | D        | Noticed a reaper
  1558 | D        | Killed a reaper
  1558 | D        | Received a gift from Trog
  1558 | D        | Reached XP level 14. HP: 53/153 MP: 26/30
  1559 | D        | Killed a skeletal warrior
  1563 | D        | Noticed a freezing wraith
  1563 | D        | Killed a flying skull
  1563 | D        | Killed a skeletal warrior
  1564 | D        | Killed a skeletal warrior
  1565 | D        | Killed a reaper
  1565 | D        | Killed an ancient lich
  1567 | D        | Killed a reaper
  1572 | D        | Killed a freezing wraith
  1629 | D        | Got the ring "Nudomoaj" {rN+ MR+ Stlth+}
  1631 | D        | Received a gift from Trog
  1631 | D        | Received a gift from Trog
  1631 | D        | Received a gift from Trog
  1672 | D        | Entered arena 21.
  1685 | D        | Noticed a shadow
  1688 | D        | Noticed a blue devil
  1688 | D        | Noticed a skeletal warrior
  1688 | D        | Noticed a soul eater
  1688 | D        | Noticed a reaper
  1689 | D        | Noticed a shadow dragon
  1689 | D        | Killed a shadow
  1690 | D        | Noticed a soul eater
  1690 | D        | Noticed a soul eater
  1690 | D        | Noticed a death drake
  1690 | D        | Noticed a shadow dragon
  1691 | D        | Noticed a soul eater
  1692 | D        | Noticed a shadow dragon
  1692 | D        | Noticed a soul eater
  1695 | D        | Noticed a flying skull
  1695 | D        | Noticed a ghoul
  1695 | D        | Killed a flying skull
  1695 | D        | Killed a reaper
  1696 | D        | Killed a soul eater
  1697 | D        | Noticed a soul eater
  1697 | D        | Killed a skeletal warrior
  1699 | D        | Noticed a soul eater
  1700 | D        | Killed a death drake
  1701 | D        | HP: 8/171 [soul eater (8)]
  1702 | D        | Killed a soul eater
  1702 | D        | Received a gift from Trog
  1702 | D        | HP: 3/171 [ghoul (8)]
  1703 | D        | Killed a shadow dragon
  1703 | D        | Reached skill level 21 in Fighting
  1703 | D        | Slain by a blue devil

Action                   |  1- 3 |  4- 6 |  7- 9 | 10-12 | 13-15 || total
-------------------------+-------+-------+-------+-------+-------++-------
Melee: Shillelagh        |     3 |    10 |    41 |    24 |       ||    78
       Demon whip        |       |       |       |   160 |    47 ||   207
Throw: Large rock        |       |       |       |    31 |    21 ||    52
       Tomahawk          |       |       |       |     1 |       ||     1
       Javelin           |       |       |       |       |     6 ||     6
Invok: Burn Spellbooks   |       |     1 |     3 |     4 |     4 ||    12
       Trog's Hand       |       |       |       |     7 |     6 ||    13
       Brothers in Arms  |       |       |       |     3 |     4 ||     7
 Abil: Evoke Blink       |       |       |       |       |     2 ||     2
Evoke: Wand              |     1 |       |       |     3 |     1 ||     5
       Deck              |       |       |       |     1 |     2 ||     3
       Fan of gales      |       |       |       |     4 |     3 ||     7
       Sack of spiders   |       |       |       |     3 |       ||     3
       Stone of tremors  |       |       |       |     2 |     2 ||     4
       Rod               |       |       |       |     4 |     4 ||     8
       Lamp of fire      |       |       |       |     2 |     7 ||     9
  Use: Potion            |     1 |       |       |     2 |     5 ||     8
       Scroll            |       |       |     1 |     2 |       ||     3
 Stab: Distracted        |       |       |       |     3 |     1 ||     4
       Confused          |       |       |       |       |     1 ||     1
  Eat: Chunk             |       |       |       |     3 |     6 ||     9
